 Dungeon Crawl Stone Soup version 0.29-a0-982-gaed3a0c8d8 (webtiles) character file.

Game seed: 9470527190128739432

302163 iguanaiguana the Metallomancer (level 21, -4/128 (134) HPs)
             Began as a Gargoyle Earth Elementalist on July 28, 2022.
             Was the Champion of Vehumet.
             Slain by a caustic shrike (20 damage)
             ... on level 2 of the Iron City of Dis on Aug 2, 2022.
             The game lasted 03:45:56 (51193 turns).

iguanaiguana the Metallomancer (GrEE)              Turns: 51193, Time: 03:45:57

HP:   -4/128 (134)  AC: 11    Str: 10    XL:     21   Next: 74%
MP:   3/41          EV: 13    Int: 49    God:    Vehumet [******]
Gold: 1156          SH:  8    Dex: 10    Spells: 2/52 levels left

rFire   + . .      SeeInvis .   y - +8 flail "Jellybane" {vorpal, *Rage Will++ Int+7}
rCold   + . .      Faith    .   B - +3 buckler of the Volcano {Int+4}
rNeg    + + .      Spirit   .   W - +4 troll leather armour
rPois   ∞          Reflect  .   p - +1 hat of Nynov {Str-5 Int+8 Stlth+}
rElec   +          Harm     .   M - scarf {rC+ rF+}
rCorr   +          Rampage  .   D - +2 pair of gloves {Stlth+}
Will    +++..      Rage     20% Z - +0 pair of boots
Stlth   +++++.....              a - amulet of Lust {RegenMP rPois rN+}
HPRegen 1.11/turn               w - +6 ring of intelligence
MPRegen 0.67/turn               I - ring of resist corrosion

@: corroded, flying, slightly contaminated, studying Necromancy, lightly drained
A: sickness immunity, AC +16, big wings, negative energy resistance 1,
electricity resistance, torment resistance 1, petrification resistance
a: Renounce Religion


You were on level 2 of the Iron City of Dis.
You worshipped Vehumet.
Vehumet was exalted by your worship.
You visited 8 branches of the dungeon, and saw 33 of its levels.
You visited 2 bazaars.

You collected 3980 gold pieces.
You spent 2824 gold pieces at shops.

Inventory:

Hand Weapons
 y - the +8 flail "Jellybane" (weapon) {vorpal, *Rage Will++ Int+7}
   (You took it off a deep elf zephyrmancer on level 3 of the Elven Halls)

   It inflicts extra damage upon your enemies.
   Int:       It affects your intelligence (+7).
   *Rage:     It berserks you when you make melee attacks (+20% chance).
   Will:      It greatly increases your willpower.
Missiles
 F - 4 silver javelins
 P - 6 curare-tipped darts
Armour
 p - the +1 hat of Nynov (worn) {Str-5 Int+8 Stlth+}
   (You found it on level 2 of the Orcish Mines)

   Str:       It affects your strength (-5).
   Int:       It affects your intelligence (+8).
   Stlth:     It makes you more stealthy.
 B - the +3 buckler of the Volcano (worn) {Int+4}
   (You found it on level 4 of the Dungeon)

   Int:       It affects your intelligence (+4).
 D - a +2 pair of gloves of stealth (worn)
 M - a scarf of resistance (worn)
 W - a +4 troll leather armour (worn)
 Z - a +0 pair of boots (worn)
Magical Staves
 o - a staff of cold
Jewellery
 a - the amulet of Lust (around neck) {RegenMP rPois rN+}
   (You acquired it on level 3 of the Elven Halls)

   [amulet of magic regeneration]

   It increases your rate of magic regeneration.
   rPois:     It protects you from poison.
   rN:        It protects you from negative energy.
 d - the ring of Qiufoic {rF+ rN+}
   (You found it on level 2 of the Depths)

   [ring of protection from fire]

   rF:        It protects you from fire.
   rN:        It protects you from negative energy.
 g - the amulet "Cirghoz" {Reflect rF+ Will+ Dex+3 SH+5}
   (You acquired it on level 5 of the Lair of Beasts)

   [amulet of reflection]

   It reflects blocked missile attacks.
   Dex:       It affects your dexterity (+3).
   rF:        It protects you from fire.
   SH:        It affects your SH (+5).
   Will:      It increases your willpower.
 i - a ring of wizardry
 v - a ring of ice
 w - a +6 ring of intelligence (left hand)
 E - a ring of see invisible
 I - a ring of resist corrosion (right hand)
Wands
 e - a wand of digging (15) {@v3}
 G - a wand of iceblast (24) {@v2}
 J - a wand of acid (5) {@v1}
 R - a wand of charming (48)
Scrolls
 b - 8 scrolls of blinking {@r4}
 c - 9 scrolls of teleportation {@r3}
 m - 4 scrolls of vulnerability
 r - 7 scrolls of butterflies
 t - 2 scrolls of immolation
 z - 2 scrolls of magic mapping {@r5}
 A - 5 scrolls of fear
 L - 2 scrolls of silence
 Q - 4 scrolls of poison
 Y - 2 scrolls of summoning
Potions
 f - 4 potions of heal wounds {@q2}
 h - 22 potions of curing {@q1}
 j - 5 potions of haste {@q4}
 l - 2 potions of cancellation
 n - 3 potions of brilliance
 q - 2 potions of resistance {@q5}
 x - 8 potions of mutation
 C - 4 potions of might {@q3}
 H - 8 potions of ambrosia
 O - 2 potions of berserk rage
 T - 2 potions of magic
 U - a potion of invisibility
Miscellaneous
 k - a tin of tremorstones (2/2)
 s - a phantom mirror (inert)
 V - a condenser vane (inert)


   Skills:
 - Level 15.0 Fighting
 - Level 4.0 Short Blades
 - Level 10.0 Armour
 - Level 8.0 Dodging
 - Level 6.0 Stealth
 - Level 6.0 Shields
 + Level 16.4 Spellcasting
 - Level 14.0 Conjurations
 - Level 4.0 Necromancy
 - Level 4.0 Translocations
 - Level 5.9 Transmutations
 - Level 3.0 Fire Magic
 - Level 10.1 Ice Magic
 - Level 3.0 Air Magic
 - Level 22.0 Earth Magic
 - Level 10.0 Poison Magic
 - Level 4.0 Evocations


You had 2 spell levels left.
You knew the following spells:

 Your Spells              Type           Power      Damage    Failure   Level
a - Irradiate             Conj/Tmut      47%        3d27      1%          5
b - Borgnjor's Vile Clut  Necr/Erth      53%        N/A       1%          5
c - Lehudib's Crystal Sp  Conj/Erth      60%        10d14     1%          8
d - Shatter               Erth           65%        3d48*     2%          9
e - Orb of Destruction    Conj           54%        9d14      1%          7
f - Ozocubu's Refrigerat  Ice            48%        4d18      3%          7
h - Passwall              Tmut/Erth      90%        N/A       0%          2
i - Apportation           Tloc           100%       N/A       1%          1
j - Blink                 Tloc           100%       N/A       1%          2
k - Passage of Golubria   Tloc           68%        N/A       1%          4

Your spell library contained the following spells:

 Spells                   Type           Power      Damage    Failure   Level
 Chain Lightning          Conj/Air       44%        3d59      99%         9
 Fire Storm               Conj/Fire      44%        8d11      99%         9
 Freeze                   Ice            100%       1d11      0%          1
 Magic Dart               Conj           100%       1d8       0%          1
 Sandblast                Erth           100%       2d20      0%          1
 Searing Ray              Conj           100%       2d8       0%          2
 Beastly Appendage        Tmut           100%       N/A       1%          1
 Necrotise                Necr           100%       1d9       1%          1
 Summon Small Mammal      Summ           100%       N/A       1%          1
 Call Imp                 Summ           40%        N/A       1%          2
 Poisonous Vapours        Pois/Air       100%       N/A       1%          2
 Static Discharge         Conj/Air       89%        3-15/arc  1%          2
 Wereblood                Tmut           78%        N/A       1%          2
 Stone Arrow              Conj/Erth      100%       3d13      0%          3
 Lee's Rapid Deconstruct  Erth           65%        3d31*     0%          5
 Frozen Ramparts          Ice            100%       1d18      1%          3
 Ignite Poison            Fire/Tmut/Pois 80%        N/A       1%          3
 Inner Flame              Hex/Fire       53%        N/A       1%          3
 Mephitic Cloud           Conj/Pois/Air  91%        N/A       1%          3
 Portal Projectile        Hex/Tloc       100%       N/A       1%          3
 Spider Form              Tmut/Pois      87%        N/A       1%          3
 Vampiric Draining        Necr           68%        2d10      1%          3
 Animate Armour           Summ/Erth      100%       N/A       1%          4
 Animate Dead             Necr           68%        N/A       1%          4
 Corpse Rot               Necr/Pois/Air  77%        N/A       1%          4
 Dispel Undead            Necr           68%        3d23      1%          4
 Fulminant Prism          Conj/Hex       41%        3d20      1%          4
 Hailstorm                Conj/Ice       100%       3d20      1%          4
 Leda's Liquefaction      Hex/Erth       49%        N/A       1%          4
 Olgreb's Toxic Radiance  Pois           95%        N/A       1%          4
 Petrify                  Tmut/Erth      100%       N/A       1%          4
 Sticky Flame             Conj/Fire      89%        2d10      1%          4
 Alistair's Intoxication  Tmut/Pois      58%        N/A       1%          5
 Blade Hands              Tmut           39%        N/A       1%          5
 Fireball                 Conj/Fire      44%        3d18      1%          5
 Freezing Cloud           Conj/Ice/Air   45%        6-21      1%          5
 Yara's Violent Unravell  Hex/Tmut       31%        3d13      1%          5
 Iron Shot                Conj/Erth      60%        9d11      1%          6
 Starburst                Conj/Fire      44%        6d12      1%          6
 Tukima's Dance           Hex            40%        N/A       2%          3
 Anguish                  Hex/Necr       28%        N/A       3%          4
 Summon Lightning Spire   Summ/Air       53%        N/A       4%          4
 Agony                    Necr           68%        N/A       4%          5
 Manifold Assault         Tloc           68%        N/A       4%          5
 Simulacrum               Ice/Necr       41%        N/A       7%          6
 Cause Fear               Hex            20%        N/A       8%          4
 Dispersal                Tloc           34%        N/A       22%         6
 Storm Form               Tmut/Air       35%        N/A       71%         7
 Polar Vortex             Ice            48%        N/A       95%         9
 Malign Gateway           Summ/Tloc      28%        N/A       96%         7
 Ignition                 Fire           31%        3d10      97%         8
 Maxwell's Capacitive Co  Air            31%        ∞         97%         8
 Discord                  Hex            20%        N/A       100%        8
 Disjunction              Tloc           34%        N/A       100%        8
 Summon Horrible Things   Summ           20%        N/A       100%        8
 Sublimation of Blood     Necr           Unusable   N/A       N/A         2
 Statue Form              Tmut/Erth      Unusable   N/A       N/A         6

Dungeon Overview and Level Annotations

Branches:
Dungeon (15/15) Zot: 23651  Temple (1/1) D:4 Zot: 5890    Lair (5/5) D:11 Zot: 22186
  Swamp (0/4) Lair:2       Spider (0/4) Lair:2        Slime (0/5) Lair:5
    Orc (2/2) D:11 Zot: 9553     Elf (3/3) Orc:2 Zot: 11928  Vaults (0/5) D:13
 Depths (4/4) D:15 Zot: 14031    Hell (visited)             Dis (2/7) Hell Zot: 16831
    Geh (0/7) Hell            Coc (0/7) Hell            Tar (0/7) Hell
    Zot (0/5) Depths:4

Altars:
Ashenzari
Cheibriados
Dithmenos
Elyvilon
Fedhas
Gozag
Hepliaklqana
Kikubaaqudgha
Makhleb
Nemelex Xobeh
Okawaru
Qazlal
Ru
Sif Muna
Trog
Uskayaw
Vehumet
Wu Jian
Xom
Yredelemnul
Zin
The Shining One

Shops:
D:4 *   D:10 :   Orc:2 [*:*   Elf:2 **   Depths:1 :=:   Depths:2 [
Depths:4 *(=*

Portals:
Hell: Depths:1 Depths:2 Depths:3 Depths:4
Abyss: Depths:3
Pandemonium: Depths:2
Ziggurat: Depths:4
Trove: D:10 (give +2 gold dragon scales)

Annotations:
Elf:3 exclusion: door


Innate Abilities, Weirdness & Mutations

You are immune to sickness and miasma.
Your stone body is resilient. (AC +16)
You are immune to poison.
Your large and strong wings let you fly.
You resist negative energy. (rN+)
You are resistant to electric shocks. (rElec)
You are resistant to unholy torment.
You are immune to petrification.


Message History

The caustic shrike is engulfed in poison gas.
The caustic shrike is poisoned.
The caustic shrike claws you!
* * * LOW HITPOINT WARNING * * *
You are splashed with acid.
You resist.
* * * LOW HITPOINT WARNING * * *
The caustic shrike is engulfed in poison gas.
The caustic shrike is poisoned.
Your caustic shrike closely misses the caustic shrike.
The caustic shrike is engulfed in poison gas.
The caustic shrike looks even sicker.
The caustic shrike claws you.
* * * LOW HITPOINT WARNING * * *
You are splashed with acid.
You resist.
* * * LOW HITPOINT WARNING * * *
The caustic shrike is engulfed in poison gas.
The caustic shrike looks even sicker.
Your caustic shrike completely misses the caustic shrike.
You feel much better.
Your butterfly is engulfed in poison gas.
Your butterfly is poisoned.
You kill your butterfly!
Your butterfly disappears in a burst of colours!
The caustic shrike is engulfed in poison gas.
The caustic shrike looks even sicker.
The caustic shrike claws you.
* * * LOW HITPOINT WARNING * * *
The acid corrodes you!
You are splashed with acid.
You resist.
* * * LOW HITPOINT WARNING * * *
The caustic shrike is engulfed in poison gas.
The caustic shrike looks even sicker.
Your caustic shrike closely misses the caustic shrike.
Your caustic shrike barely misses the caustic shrike.
The caustic shrike is engulfed in poison gas.
The caustic shrike looks as sick as possible!
The caustic shrike claws you!
* * * LOW HITPOINT WARNING * * *
The acid corrodes you!
You are splashed with acid.
You resist.
* * * LOW HITPOINT WARNING * * *
The caustic shrike is engulfed in poison gas.
The caustic shrike looks as sick as possible!
The caustic shrike claws you!!
You die...

......1bb#..)###
.).z.........##
.).......##...#
..#.#.....#..##
. ###.....#..#
#.>...#..# #.§#
##b# #@b# #..§b#
#....# #.^..#
######


You could see 2 caustic shrikes and a friendly caustic shrike (summoned,
misshapen, drained).

Vanquished Creatures
  3 dread liches (Dis:1)
  2 ancient liches (Dis:1)
  A juggernaut (Depths:3)
  Sojobo (Depths:4)
  Bai Suzhen (Depths:2)
  Geryon (Hell)
  4 bone dragons (Depths:4)
  A Tzitzimitl (Depths:2)
  A Hell Sentinel (Dis:1)
  2 tentacled monstrosities
  2 liches
  A walking crystal tome (Depths:4)
  8 searing wretches
  Asterion (Elf:3)
  3 deep elf blademasters
  2 deep elf master archers (Elf:3)
  An acid blob (Depths:3)
  9 ancient champions
  Murray (Depths:1)
  4 Executioners (Depths:2)
  Gastronok (D:8)
  4 tengu reavers
  A thorn hunter (Depths:3)
  2 shadow dragons
  5 fire giants
  3 iron dragons
  5 frost giants
  A draconian knight (Depths:4)
  4 deep elf sorcerers (Elf:3)
  A cacodemon (Depths:3)
  2 balrugs
  A juggernaut zombie (Depths:2)
  Aizul (Elf:2)
  5 deep elf elementalists (Elf:3)
  A draconian shifter (Depths:4)
  A draconian annihilator (Depths:4)
  3 stone giants
  4 war gargoyles
  3 juggernaut skeletons
  3 vampire knights
  Azrael (D:12)
  2 caustic shrike skeletons (Depths:2)
  2 black draconians (Depths:4)
  2 reapers (Hell)
  11 very ugly things
  2 white draconians (Depths:4)
  8 deep elf demonologists (Elf:3)
  9 deep elf annihilators (Elf:3)
  5 green draconians (Depths:4)
  A lorocyproca (Depths:1)
  2 red draconians (Depths:4)
  5 dire elephants (Lair:5)
  2 purple draconians (Depths:4)
  3 yellow draconians (Depths:4)
  Snorg (D:10)
  3 iron golems
  3 jiangshi
  8 ettins
  A blizzard demon (Depths:1)
  8 deep elf death magi
  7 fire dragons
  A yaktaur captain (Depths:4)
  2 deep elf high priests
  A spriggan zombie (Depths:1)
  Fannar (Lair:2)
  5 hydras
  A boulder beetle (D:14)
  4 rakshasas
  7 ice dragons
  2 catoblepae
  12 two-headed ogres
  4 spriggan air magi
  A spectral fire giant (Depths:2)
  4 centaur warriors
  Erica (Lair:1)
  A spectral stone giant (Depths:2)
  2 ogre magi (D:15)
  2 death knights
  3 deep troll shamans
  A stoker (Hell)
  7 death yaks
  3 orc high priests (Orc:2)
  Urug (D:13)
  27 dancing weapons
  2 spriggan berserkers
  5 tengu warriors
  5 soul eaters
  A titan zombie (D:15)
  6 vampire magi
  A spectral storm dragon (Depths:2)
  10 hell hogs
  6 sun demons
  A storm dragon zombie (D:15)
  Sonja (D:10)
  7 hell knights
  2 spectral death yaks (Lair:5)
  A titan skeleton (Depths:2)
  A spectral spriggan (Depths:2)
  14 deep elf knights
  Nergalle (Lair:3)
  A spectral spark wasp (Depths:2)
  2 shadow wraiths
  3 iron trolls
  A fire crab (Lair:5)
  3 flayed ghosts
  3 golden dragon zombies (Depths:2)
  2 storm dragon skeletons (Depths:2)
  A salamander mystic (Depths:3)
  5 deep trolls
  3 skeletal warriors
  A glowing orange brain (Depths:4)
  A spectral anaconda (Lair:5)
  Pikel (D:7)
  An obsidian statue (Lair:5)
  13 necromancers
  6 deep elf archers (Elf:3)
  7 orc knights
  6 phantasmal warriors
  2 wizards
  25 deep elf pyromancers
  3 salamanders (Depths:3)
  25 deep elf zephyrmancers
  A fire giant zombie (D:15)
  4 orc sorcerers (Orc:2)
  A shadow dragon skeleton (Depths:2)
  29 ugly things
  3 oklob plants (Depths:3)
  2 manticores
  A sphinx skeleton (Depths:2)
  5 cyclopes
  A black mamba (Lair:5)
  2 frost giant zombies
  A frost giant skeleton (Depths:1)
  Joseph (D:7)
  Maurice (D:12)
  2 gargoyles
  2 titan simulacra (Depths:2)
  9 elephants
  A smoke demon (Depths:2)
  An ice statue (Depths:4)
  A torpor snail (Lair:3)
  2 centaur zombies (D:12)
  A storm dragon simulacrum (Depths:2)
  9 rust devils
  9 cane toads
  An orange demon (Hell)
  A hellion (Dis:1)
  6 komodo dragons
  An efreet (D:14)
  A demonic crawler (Depths:1)
  4 tormentors
  2 rime drakes
  4 tengu conjurers
  An ice devil (Depths:1)
  A queen bee (D:14)
  A golden dragon simulacrum (Depths:2)
  A freezing wraith (D:14)
  A red devil (Hell)
  A spectral glowing shapeshifter (Depths:2)
  3 spriggan skeletons
  A tengu simulacrum (Depths:2)
  A polar bear (Lair:3)
  6 trolls
  3 meliai (D:14)
  A hornet (Depths:3)
  3 slime creatures (Lair:5)
  Prince Ribbit (D:7)
  4 dream sheep (Lair:3)
  A stone giant simulacrum (Depths:1)
  20 blink frogs
  A fire giant simulacrum (Depths:2)
  2 spectral elephants (Lair:5)
  A frost giant simulacrum (Depths:2)
  A spriggan (Depths:3)
  4 air elementals
  A dire elephant simulacrum (Lair:5)
  16 water elementals
  3 shadows
  3 wraiths (D:13)
  5 wyverns
  Eustachio (D:4)
  34 yaks
  6 vampire mosquitoes
  6 fire elementals
  2 death yak simulacra (Lair:5)
  5 basilisks
  Grum (D:8)
  16 humans (D:13)
  2 redbacks (Lair:2)
  A warg (Orc:1)
  2 acid dragons
  Edmund (D:5)
  A glowing shapeshifter zombie (Depths:2)
  A floating eye (Depths:1)
  14 water moccasins
  4 hell hounds (D:11)
  4 sky beasts
  A swamp drake (Orc:2)
  3 ice beasts
  20 orc warriors
  A spriggan simulacrum (Depths:2)
  11 wolves
  9 centaurs
  An elephant skeleton (Lair:5)
  11 ogres
  3 lemures
  3 kobold brigands
  3 phantoms
  An earth elemental (Elf:3)
  A gnoll sergeant (D:9)
  10 bullfrogs
  A glowing shapeshifter simulacrum (Depths:2)
  6 necrophages
  3 cane toad simulacra (Lair:5)
  2 scorpions
  12 wights
  A floating eye simulacrum (Depths:2)
  14 killer bees (D:14)
  2 tengu skeletons
  2 elephant simulacra (Lair:5)
  8 electric eels
  5 howler monkeys
  A crimson imp (Orc:2)
  12 hounds
  2 jellies
  22 orc priests
  3 gnoll boudas
  An iron imp (Orc:2)
  4 iguanas
  24 orc wizards
  2 scorpion zombies (D:4)
  6 hell rats
  The ghost of gdog the Covert, a weakling GnDe (D:5)
  A hound zombie (D:4)
  13 gnolls
  10 adders
  A shadow imp (Orc:2)
  6 white imps
  4 worms
  5 dart slugs
  58 orcs
  10 ball pythons
  6 endoplasms
  5 giant cockroaches
  9 goblins
  4 hobgoblins
  4 jackals (D:3)
  17 kobolds
  3 quokkas
  A bat (D:2)
  5 frilled lizards
  5 rats
  5 briar patches (Depths:3)
  A creeping inferno (Hell)
  7 fire vortices (Hell)
1147 creatures vanquished.

Vanquished Creatures (collateral kills)
  A vampire knight (Depths:2)
1 creature vanquished.

Vanquished Creatures (others)
  A lich (Depths:3)
  A golden dragon zombie (Depths:2)
  A deep elf pyromancer (Elf:3)
  A shadow dragon simulacrum (Depths:2)
  A water elemental (Depths:3)
  An orc wizard (D:7)
  3 orcs
  3 bushes
  32 fungi
  83 plants
  29 withered plants
156 creatures vanquished.

Grand Total: 1304 creatures vanquished

Notes
Turn   | Place    | Note
-------+----------+-------------------------------------------
     0 | D:1      | iguanaiguana the Gargoyle Earth Elementalist began the
                  | quest for the Orb.
     0 | D:1      | Reached XP level 1. HP: 10/10 MP: 3/3
    71 | D:1      | Reached skill level 1 in Conjurations
   157 | D:1      | Reached XP level 2. HP: 15/15 MP: 3/5
   207 | D:1      | Learned a level 2 spell: Passwall
   325 | D:1      | Found a faded altar of an unknown god.
   737 | D:2      | Reached XP level 3. HP: 19/19 MP: 4/6
   920 | D:2      | Learned a level 3 spell: Stone Arrow
  1108 | D:2      | Reached skill level 1 in Fighting
  1697 | D:2      | Reached XP level 4. HP: 22/26 MP: 5/7
  2001 | D:3      | Reached skill level 4 in Earth Magic
  2246 | D:3      | Found a glowing golden altar of the Shining One.
  2391 | D:3      | Noticed a scorpion
  2400 | D:3      | Killed a scorpion
  2401 | D:3      | Reached skill level 5 in Earth Magic
  2401 | D:3      | Reached XP level 5. HP: 30/30 MP: 6/8
  2624 | D:3      | Found a stormy altar of Qazlal.
  3233 | D:4      | Noticed Eustachio
  3237 | D:4      | Killed Eustachio
  3238 | D:4      | Reached XP level 6. HP: 38/38 MP: 5/10
  3585 | D:4      | Identified the +4 ring mail of Boiling Hail {-Cast Rampage
                  | rPois Regen+}
  3628 | D:4      | Found Ciap's Lightly-Used Armoury.
  3786 | D:4      | Identified the +3 buckler of the Volcano {Int+4}
  3819 | D:4      | Found a staircase to the Ecumenical Temple.
  3830 | Temple   | Entered the Ecumenical Temple
  3921 | Temple   | Became a worshipper of Vehumet
  4013 | D:4      | Found a blossoming altar of Fedhas.
  4276 | D:4      | Reached XP level 7. HP: 43/43 MP: 4/11
  4644 | D:4      | Reached skill level 5 in Conjurations
  4644 | D:4      | Reached skill level 6 in Earth Magic
  4776 | D:5      | Entered Level 5 of the Dungeon
  4796 | D:5      | Found a burning altar of Makhleb.
  4877 | D:5      | Learned a level 3 spell: Mephitic Cloud
  5049 | D:5      | Found a runed translucent gate.
  5050 | D:5      | Found a runed translucent gate.
  5051 | D:5      | Found a runed translucent gate.
  5193 | D:5      | Noticed gdog's ghost (weakling GnDe)
  5327 | D:5      | Reached XP level 8. HP: 48/48 MP: 8/12
  5574 | D:6      | Noticed Edmund
  5580 | D:5      | Killed Edmund
  5581 | D:5      | Reached skill level 1 in Air Magic
  6116 | D:6      | Reached skill level 7 in Earth Magic
  6323 | D:6      | HP: 2/48 [orc/+0 dagger (2)]
  6622 | D:6      | Reached XP level 9. HP: 50/52 MP: 8/13
  6637 | D:6      | Reached skill level 8 in Earth Magic
  6637 | D:6      | Noticed a cyclops
  6732 | D:6      | Killed a cyclops
  6732 | D:6      | Reached * piety under Vehumet
  6732 | D:6      | Offered knowledge of Magic Dart by Vehumet.
  6854 | D:6      | Reached skill level 9 in Earth Magic
  7600 | D:6      | Reached skill level 5 in Fighting
  7895 | D:6      | Reached skill level 1 in Shields
  8149 | D:6      | Reached XP level 10. HP: 38/60 MP: 2/16
  8810 | D:7      | Reached skill level 5 in Shields
  8953 | D:7      | You fall into a shaft and drop 1 floor!
  9052 | D:7      | Noticed Pikel
  9052 | D:7      | Noticed a manticore
  9443 | D:7      | Noticed Joseph
  9459 | D:7      | Killed Joseph
  9657 | D:7      | Killed a manticore
 10008 | D:7      | Noticed Prince Ribbit
 10035 | D:7      | Killed Prince Ribbit
 10036 | D:7      | Reached skill level 5 in Spellcasting
 10048 | D:7      | Offered knowledge of Scorch by Vehumet.
 10051 | D:7      | Killed Pikel
 10224 | D:7      | Learned a level 2 spell: Poisonous Vapours
 10348 | D:7      | Reached ** piety under Vehumet
 10370 | D:7      | Reached XP level 11. HP: 43/68 MP: 2/20
 10916 | D:8      | Noticed Grum
 11167 | D:8      | Found a shadowy altar of Dithmenos.
 11183 | D:8      | Killed Grum
 11284 | D:8      | Noticed a two-headed ogre
 11302 | D:8      | Killed a two-headed ogre
 11303 | D:8      | Reached skill level 5 in Stealth
 11477 | D:8      | Noticed Gastronok
 11688 | D:8      | Killed Gastronok
 11689 | D:8      | Reached skill level 5 in Poison Magic
 12133 | D:9      | Offered knowledge of Conjure Flame by Vehumet.
 12434 | D:9      | Reached skill level 1 in Evocations
 12809 | D:9      | Reached *** piety under Vehumet
 13024 | D:5      | Killed gdog's ghost
 13140 | D:10     | Entered Level 10 of the Dungeon
 13163 | D:10     | Noticed Snorg
 13168 | D:10     | Killed Snorg
 13482 | D:10     | Found a portal to a secret trove of treasure.
 13838 | D:10     | Found Qiff's Book Shop.
 13906 | D:10     | Noticed a two-headed ogre
 13907 | D:10     | Noticed Sonja
 13917 | D:10     | Your ally Sonja died
 13918 | D:10     | Reached XP level 12. HP: 67/73 MP: 21/23
 13923 | D:10     | Killed a two-headed ogre
 14654 | D:11     | Offered knowledge of Olgreb's Toxic Radiance by Vehumet.
 14659 | D:11     | Reached skill level 1 in Transmutations
 14696 | D:10     | Learned a level 4 spell: Olgreb's Toxic Radiance
 14864 | D:10     | Learned a level 3 spell: Ignite Poison
 14870 | D:10     | Learned a level 5 spell: Irradiate
 15019 | D:11     | Noticed a tengu warrior
 15021 | D:11     | Noticed a tengu warrior
 15029 | D:11     | Killed a tengu warrior
 15030 | D:11     | Reached skill level 1 in Fire Magic
 15031 | D:11     | Killed a tengu warrior
 15574 | D:11     | Noticed a two-headed ogre
 15591 | D:11     | Killed a two-headed ogre
 15697 | D:11     | Found a staircase to the Lair.
 15947 | D:11     | Reached **** piety under Vehumet
 15952 | D:11     | Offered knowledge of Lightning Bolt by Vehumet.
 15958 | D:11     | Found a staircase to the Orcish Mines.
 16017 | Orc:1    | Entered Level 1 of the Orcish Mines
 16470 | Orc:2    | Entered Level 2 of the Orcish Mines
 16744 | Orc:2    | Found Doziedoe's General Store.
 16760 | Orc:2    | Bought a +0 pair of boots for 72 gold pieces
 16856 | Orc:2    | Found a staircase to the Elven Halls.
 16982 | Orc:2    | Found Askokilux's Armour Shoppe.
 16987 | Orc:2    | Reached ***** piety under Vehumet
 16987 | Orc:2    | Offered knowledge of Conjure Ball Lightning by Vehumet.
 16996 | Orc:2    | Noticed an orc high priest
 17005 | Orc:2    | Killed an orc high priest
 17020 | Orc:2    | Reached XP level 13. HP: 58/78 MP: 5/25
 17021 | Orc:2    | Reached skill level 10 in Poison Magic
 17695 | Orc:2    | Reached skill level 5 in Transmutations
 17760 | Orc:2    | Found Pogg's General Store.
 17764 | Orc:2    | Found Esto's Book Shop.
 17772 | Orc:2    | Found Etulecho's Assorted Antiques.
 18012 | Orc:2    | Identified the +1 hat of Zodgheoso {Dex+7}
 18044 | Orc:2    | Identified the +1 hat of Nynov {Str-5 Int+8 Stlth+}
 18150 | Lair:1   | Entered Level 1 of the Lair of Beasts
 18923 | Lair:1   | Noticed Erica
 18932 | Lair:1   | Killed Erica
 19121 | Lair:1   | Reached skill level 10 in Conjurations
 19752 | Lair:2   | Noticed Fannar
 19758 | Lair:2   | Killed Fannar
 19968 | Lair:2   | Found a hole to the Spider Nest.
 20064 | Lair:2   | Identified the +4 sling of Peace {vorpal, rC- Int+9 Dex+4
                  | Stlth+}
 20576 | Lair:2   | Found a staircase to the Swamp.
 20803 | Lair:3   | Noticed Nergalle
 20809 | Lair:3   | Killed Nergalle
 21279 | Lair:3   | Gained mutation: Your large and strong wings let you fly.
                  | [Gargoyle growth]
 21279 | Lair:3   | Reached XP level 14. HP: 82/87 MP: 27/27
 21334 | Lair:3   | Reached skill level 10 in Fighting
 21996 | Lair:4   | Reached skill level 10 in Spellcasting
 22106 | Lair:4   | Identified a scroll of acquirement
 22996 | Lair:5   | Entered Level 5 of the Lair of Beasts
 23003 | Lair:5   | Identified the +2 falchion of Irirhof {pain, Dex+4}
 23096 | Lair:5   | Offered knowledge of Iskenderun's Mystic Blast by Vehumet.
 23447 | Lair:5   | Found a staircase to the Slime Pits.
 23871 | Lair:5   | Acquired the amulet "Cirghoz" {Reflect rF+ Will+ Dex+3
                  | SH+5}
 24330 | Lair:5   | Reached skill level 5 in Dodging
 24545 | Lair:5   | Noticed a dire elephant
 24545 | Lair:5   | Noticed a dire elephant
 24545 | Lair:5   | Noticed a dire elephant
 24551 | Lair:5   | Killed a dire elephant
 24673 | Lair:5   | Noticed a dire elephant
 25144 | Lair:5   | Noticed a dire elephant
 25152 | Lair:5   | Killed a dire elephant
 25576 | Lair:5   | Identified the ring of Jealousy {rC+ rN+ Will- SInv}
 25616 | Lair:5   | Killed a dire elephant
 25617 | Lair:5   | Reached XP level 15. HP: 96/96 MP: 20/29
 25745 | Lair:5   | Identified the +1 scale mail of Ylen {Fly}
 25964 | D:12     | Noticed Azrael
 26028 | Orc:2    | Bought a scroll of blinking for 180 gold pieces
 26028 | Orc:2    | Bought a scroll of blinking for 180 gold pieces
 26028 | Orc:2    | Bought a potion of heal wounds for 120 gold pieces
 26028 | Orc:2    | Bought a scroll of teleportation for 72 gold pieces
 26038 | Orc:2    | Bought a book of the Earth for 504 gold pieces
 26044 | Orc:2    | Learned a level 5 spell: Lee's Rapid Deconstruction
 26044 | Orc:2    | Bought an Inescapable Atlas for 476 gold pieces
 26046 | Orc:2    | Learned a level 1 spell: Apportation
 26049 | Orc:2    | Learned a level 2 spell: Blink
 26352 | D:12     | Noticed Maurice
 26358 | D:12     | Killed Maurice
 26479 | D:12     | Reached skill level 10 in Earth Magic
 26636 | D:12     | Killed Azrael
 26903 | D:12     | Found a basalt altar of Yredelemnul.
 27203 | D:13     | Noticed Urug
 27203 | D:13     | Found a gate to the Vaults.
 27206 | D:13     | Reached skill level 11 in Earth Magic
 27208 | D:13     | Killed Urug
 27282 | D:13     | Offered knowledge of Starburst by Vehumet.
 28662 | D:14     | Identified the +4 dagger "Demonslayer" {freeze, rF+}
 30185 | D:15     | Entered Level 15 of the Dungeon
 30221 | D:15     | Reached XP level 16. HP: 107/107 MP: 9/30
 30499 | D:15     | Reached skill level 15 in Fighting
 31407 | D:15     | Found a staircase to the Depths.
 32235 | Elf:1    | Entered Level 1 of the Elven Halls
 32294 | Elf:1    | Paralysed by an air elemental for 1 turns
 32347 | Elf:1    | Reached skill level 1 in Translocations
 32696 | Elf:1    | Offered knowledge of Ozocubu's Refrigeration by Vehumet.
 32705 | Elf:1    | Learned a level 7 spell: Ozocubu's Refrigeration
 33370 | Elf:1    | Identified the +4 morningstar "Dadism" {flame, MP-9 Dex+2
                  | SInv Stlth+}
 33404 | Elf:2    | Found Qamukait's Assorted Antiques.
 33491 | Elf:2    | Found a shimmering blue altar of Sif Muna.
 33520 | Elf:2    | Found Losou's General Store.
 33922 | Elf:2    | Reached skill level 12 in Earth Magic
 33995 | Elf:2    | Found a runed translucent gate.
 33996 | Elf:2    | Found a runed translucent gate.
 33996 | Elf:2    | Found a runed translucent gate.
 34425 | Elf:2    | Reached XP level 17. HP: 113/113 MP: 28/33
 34500 | Elf:2    | Learned a level 8 spell: Lehudib's Crystal Spear
 34592 | Elf:2    | Reached skill level 13 in Earth Magic
 34777 | Elf:2    | Noticed Aizul
 34792 | Elf:2    | Killed Aizul
 35007 | Elf:2    | Noticed a deep elf blademaster
 35012 | Elf:2    | Killed a deep elf blademaster
 35181 | Elf:2    | Reached skill level 14 in Earth Magic
 35391 | Elf:3    | Entered Level 3 of the Elven Halls
 35542 | Elf:3    | Reached ****** piety under Vehumet
 35929 | Elf:3    | Reached skill level 15 in Earth Magic
 36147 | Elf:3    | Paralysed by an air elemental for 1 turns
 36151 | Elf:3    | Paralysed by an air elemental for 1 turns
 36152 | Elf:3    | Offered knowledge of Iskenderun's Battlesphere by Vehumet.
 36236 | Elf:3    | Noticed a deep elf master archer
 36241 | Elf:3    | Killed a deep elf master archer
 36771 | Elf:3    | Identified the +1 robe "Xeho" {rC+ rN+ Int+6 Dex-4}
 36851 | Elf:3    | Identified the +9 flail "Faenwab" {speed, +Blink Int-2
                  | Dex+2}
 37046 | Elf:3    | Identified the amulet of Quechipy {Spirit +Blink rCorr
                  | Str+6}
 37046 | Elf:3    | Noticed a deep elf blademaster
 37050 | Elf:3    | Killed a deep elf blademaster
 37057 | Elf:3    | Noticed a Tzitzimitl
 37169 | Elf:3    | Identified the +0 plate armour of the Peculiar Lives {rElec
                  | rC- rN+++ rCorr}
 37169 | Elf:3    | Noticed a deep elf blademaster
 37177 | Elf:3    | Killed a deep elf blademaster
 37178 | Elf:3    | Reached XP level 18. HP: 112/119 MP: 7/35
 37332 | Elf:3    | Noticed a deep elf master archer
 37335 | Elf:3    | Killed a deep elf master archer
 37382 | Elf:3    | Noticed Asterion
 37390 | Elf:3    | Killed Asterion
 37630 | Elf:3    | Identified the +8 flail "Jellybane" {vorpal, *Rage Will++
                  | Int+7}
 37988 | Elf:3    | Reached skill level 16 in Earth Magic
 38364 | Elf:3    | Got the Handbook of the Dead
 38476 | Elf:3    | Learned a level 5 spell: Borgnjor's Vile Clutch
 38651 | Depths:1 | Entered Level 1 of the Depths
 38659 | Depths:1 | Reached skill level 1 in Necromancy
 39269 | Depths:1 | Found an opulent altar of Gozag.
 39609 | Depths:1 | Found a gateway to Hell.
 40286 | Depths:1 | Offered knowledge of Iron Shot by Vehumet.
 40776 | Depths:1 | Noticed a golden dragon
 40893 | Depths:1 | Reached skill level 5 in Armour
 41168 | Depths:1 | Found Baigeism's Book Shop.
 41169 | Depths:1 | Found Qawel's Jewellery Shoppe.
 41171 | Depths:1 | Found Rueppukh's Book Shop.
 41179 | Depths:1 | Bought a ring of resist corrosion for 380 gold pieces
 41692 | Depths:2 | Found Gyaces's Armour Boutique.
 41774 | Depths:2 | Found a flickering gateway to a bazaar.
 41792 | Bazaar   | Entered a bazaar
 41796 | Bazaar   | Found Xoprink's Assorted Antiques.
 41818 | Bazaar   | Found Zalu Ney's Antique Armour Emporium.
 41839 | Bazaar   | Found Sisigimi's Book Boutique.
 41859 | Bazaar   | Found Cizxayfe's Antique Weapon Shoppe.
 41886 | Bazaar   | Bought a potion of haste for 230 gold pieces
 41958 | Depths:2 | Bought a +1 pair of gloves of stealth for 214 gold pieces
 42160 | Elf:2    | Bought a scroll of enchant armour for 232 gold pieces
 42708 | Depths:2 | Noticed Bai Suzhen
 42715 | Depths:2 | Killed Bai Suzhen
 43020 | Depths:2 | Found a one-way gate leading to the halls of Pandemonium.
 43201 | Depths:2 | Found an ancient bone altar of Kikubaaqudgha.
 44021 | Depths:2 | Reached XP level 19. HP: 124/124 MP: 26/36
 44467 | Depths:2 | Reached skill level 10 in Armour
 45441 | Depths:2 | Identified the +5 plate armour of Fabulous Life {rPois
                  | Regen+ Str+7}
 45841 | Depths:2 | Noticed a Tzitzimitl
 45848 | Depths:2 | Killed a Tzitzimitl
 45848 | Depths:2 | Offered knowledge of Orb of Destruction by Vehumet.
 45920 | Depths:2 | Identified the ring of Qiufoic {rF+ rN+}
 45932 | Depths:2 | Identified the +8 short sword "Hisis" {vorpal, Str+6}
 46093 | Depths:2 | Upgraded the game from 0.29-a0-925-g0a7a3d12f8 to
                  | 0.29-a0-982-gaed3a0c8d8
 46519 | Depths:2 | Reached skill level 17 in Earth Magic
 46942 | Depths:3 | Noticed a juggernaut
 46945 | Depths:3 | Killed a juggernaut
 46946 | Depths:3 | Reached skill level 18 in Earth Magic
 47235 | Depths:3 | Noticed a tentacled monstrosity
 47245 | Depths:3 | Killed a tentacled monstrosity
 47337 | Depths:4 | Entered Level 4 of the Depths
 47357 | Depths:4 | Noticed a bone dragon
 47364 | Depths:4 | Acquired the amulet of Lust {RegenMP rPois rN+}
 47429 | Depths:4 | Found Upatanu's Antique Weapon Emporium.
 47435 | Depths:4 | Noticed a bone dragon
 47446 | Depths:4 | Found Kaecvual's Assorted Antiques.
 47462 | Depths:4 | Noticed Sojobo
 47474 | Depths:4 | Reached skill level 19 in Earth Magic
 47476 | Depths:4 | Paralysed by an air elemental for 1 turns
 47479 | Depths:4 | Killed Sojobo
 47504 | Depths:4 | Reached XP level 20. HP: 108/129 MP: 33/38
 47539 | Depths:4 | Found a gateway to a bazaar.
 47545 | Bazaar   | Entered a bazaar
 47545 | Bazaar   | Found Ynykha Piza's Book Shoppe.
 47545 | Bazaar   | Found Vufo's Antique Weapon Shop.
 47545 | Bazaar   | Found Upuomada's Jewellery Shoppe.
 47547 | Bazaar   | Found Hiugah's Antique Armour Shop.
 47547 | Bazaar   | Found Tumpud's Magic Scroll Emporium.
 47578 | Bazaar   | Bought a scroll of blinking for 82 gold pieces
 47578 | Bazaar   | Bought a scroll of blinking for 82 gold pieces
 47613 | Depths:4 | Found Raenkiel's Assorted Antiques.
 47623 | Depths:4 | Reached skill level 15 in Spellcasting
 47633 | Depths:4 | Found a one-way gateway to a ziggurat.
 47725 | Depths:4 | Learned a level 7 spell: Orb of Destruction
 47768 | Depths:4 | Reached skill level 20 in Earth Magic
 47800 | Depths:4 | Reached skill level 1 in Ice Magic
 47883 | Depths:4 | Noticed a bone dragon
 47883 | Depths:4 | Noticed a bone dragon
 47902 | Depths:4 | Found Tozaampu's Jewellery Shop.
 47944 | Depths:4 | Found a white marble altar of Elyvilon.
 48005 | Depths:4 | Offered knowledge of Fire Storm by Vehumet.
 48005 | Depths:4 | Offered knowledge of Shatter by Vehumet.
 48005 | Depths:4 | Offered knowledge of Chain Lightning by Vehumet.
 48045 | Depths:3 | Learned a level 9 spell: Shatter
 48321 | Depths:3 | Found a one-way gate to the infinite horrors of the Abyss.
 48528 | Depths:4 | Killed a bone dragon
 48530 | Depths:4 | Found a runed translucent door.
 48537 | Depths:4 | Killed a bone dragon
 48538 | Depths:4 | Reached skill level 5 in Ice Magic
 48540 | Depths:4 | Found a gate to the Realm of Zot.
 48609 | Depths:4 | Found a runed translucent door.
 48635 | Depths:4 | Found a runed translucent door.
 48645 | Depths:4 | Found a runed translucent door.
 48649 | Depths:4 | Killed a bone dragon
 48815 | Depths:4 | Killed a bone dragon
 49369 | Hell     | Entered the Vestibule of Hell
 49369 | Hell     | Noticed Geryon
 49464 | Hell     | Noticed Murray
 49686 | Depths:1 | Killed Murray
 49813 | Hell     | Reached skill level 10 in Ice Magic
 49862 | Hell     | Reached XP level 21. HP: 121/134 MP: 36/40
 49909 | Hell     | Reached skill level 21 in Earth Magic
 49922 | Depths:3 | Learned a level 4 spell: Passage of Golubria
 50000 | Hell     | Killed Geryon
 50127 | Hell     | Found a gateway to the freezing wastes of Cocytus.
 50237 | Hell     | Found a gateway to the decaying netherworld of Tartarus.
 50269 | Hell     | Found a gateway to the ashen valley of Gehenna.
 50528 | Hell     | Found a gateway to the Iron City of Dis.
 50753 | Dis:1    | Entered Level 1 of the Iron City of Dis
 50908 | Dis:1    | Noticed a dread lich
 50909 | Dis:1    | Killed a dread lich
 50909 | Dis:1    | Noticed a dread lich
 50913 | Dis:1    | Noticed an ancient lich
 50913 | Dis:1    | Noticed an ancient lich
 50914 | Dis:1    | Killed an ancient lich
 50914 | Dis:1    | Killed an ancient lich
 50914 | Dis:1    | Noticed a dread lich
 50915 | Dis:1    | Killed a dread lich
 50917 | Dis:1    | Killed a dread lich
 50918 | Dis:1    | Reached skill level 22 in Earth Magic
 51174 | Dis:2    | Noticed a caustic shrike
 51175 | Dis:2    | Noticed a caustic shrike
 51180 | Dis:2    | Noticed a caustic shrike
 51193 | Dis:2    | Slain by a caustic shrike

Illustrated notes

Levels and vault maps discovered:
D:1:      dpeg_arrival_tiny_g, layout_basic,
          hellmonk_ecumenical_altar_arch_garden, dk_noncrumbling_3
D:2:      layout_basic, serial_co_window_serial, co_window_of_opportunity_a,
          co_window_paths_b, co_window_of_opportunity_a, co_window_paths_a,
          co_window_cross_1, co_window_of_opportunity_b,
          co_window_unsneaky_path_e, co_window_unsneaky_path_a,
          co_window_4corner_b, glass_columns_b, glass_columns_b,
          glass_columns_a, glass_columns_a, chequers_jeans
D:3:      layout_basic, tso_altar, grunt_qazlal_clouds
D:4:      layout_loops_ring, fedhas_altar_decomposition,
          minmay_temple_entry_fiery, minmay_shop_damaged, columned_hall_lemuel,
          uniq_eustachio
D:5:      layout_basic, lemuel_crystal_altar, ebering_ghost_rock_garden,
          small_statue_alley_b
D:6:      cheibrodos_fzero, layout_gridville, chequers_serial_rivers_small_b,
          minmay_checkerbox, uniq_edmund
D:7:      layout_loops_ring, mainiacjoe_overflow_alcove_2, grunt_potential,
          uniq_joseph, uniq_pikel, uniq_prince_ribbit1
D:8:      layout_basic, grunt_dithmenos_smoke, uniq_gastronok, uniq_grum
D:9:      layout_irregular_city, nicolae_titane
D:10:     layout_basic, nicolae_trove_entry_isolated, serial_shops,
          nicolae_shop_stone, uniq_sonja, uniq_snorg
D:11:     layout_cross, erik_lair_island, david_orc_5, hangedman_glass_teeth
D:12:     layout_rooms, lemuel_zombie_altar_yredelemnul, uniq_maurice,
          uniq_azrael
D:13:     layout_loops_cross, david_vaults_3
D:14:     layout_cave_pods, amethyst_killhole, minivault_7
D:15:     gammafunk_depths_entry_grave, layout_loops_corners
Temple:   nicolae_temple_superstar
Lair:1:   layout_regular_city, serial_forest, infiniplex_forest_clump_small,
          infiniplex_forest_zigzag_1, infiniplex_forest_lined_room_,
          infiniplex_forest_end_1, infiniplex_forest_zigzag_1,
          infiniplex_forest_clump_C, infiniplex_forest_straight_3, st_stairs_12,
          lemuel_fruit_fields, uniq_erica
Lair:2:   layout_cave_pods, swamp_mist, spider_nest_entry_a,
          serial_bayou_shore_b, uniq_fannar
Lair:3:   layout_loops_ring, st_stairs_9, grunt_megastairs_3, lemuel_fruit_tree,
          uniq_nergalle
Lair:4:   layout_regular_city, st_stairs_3
Lair:5:   due_jungle_book, layout_cave_pods, minmay_slime_entry_pillars,
          bobbens_ice_dragon_lair, lemuel_fruit_fields
Orc:1:    layout_caves
Orc:2:    st_orc_elflike, layout_caves, serial_shops, nicolae_shop_hallway_plus,
          hangedman_minor_magic
Elf:1:    elf_arrival_002, layout_gridlike, kennysheep_underground_church
Elf:2:    nicolae_elf_blades_crystal_corner, layout_geoelf_grid, serial_shops,
          nicolae_square_shop, basic_altar, minivault_14, nicolae_stop_n_shop_2,
          uniq_aizul
Elf:3:    grunt_elf_hall_diamonds, layout_geoelf_grid, solitary_fountain,
          elves_outpost_lemuel, uniq_asterion
Depths:1: layout_twisted_cross, hell_entry, nicolae_kite_square_tiling_tiny,
          grunt_gozag_breadcrumbs, minmay_shop_grove,
          infiniplex_staircase_pool_lava, grunt_megastairs_4
Depths:2: evilmike_negative_zone, layout_gridlike, pan_entry, serial_shops,
          bzr_firewalk, nicolae_shop_advertising_works
          [nicolae_subvault_shop_adworks], lightli_too_deep,
          nicolae_elevator_lobby_asterisk, infiniplex_staircase_zigzag_2,
          uniq_bai_suzhen
Depths:3: dpeg_oklob_gauntlet, layout_cave_pools, pf_hell_entry_tar_spiral,
          abyss_entry_crystal, serial_bayou, serial_bayou_shore_b,
          serial_bayou_lake_a, serial_bayou_shore_a, serial_bayou_ford_a,
          kennysheep_just_a_vault
Depths:4: evilmike_zot_entry_castle, layout_cave_pools, enter_ziggurat_a,
          elyvilon_altar_4, grunt_hell_entry_dis_grunt, serial_shops,
          statue_bzr, shop, shop, nicolae_diamond_shop, nicolae_shop_waterfront,
          uniq_sojobo
Hell
Dis:1:    layout_gridville, nicolae_hells_leichenhalle
Dis:2:    layout_gridville

Skill      XL: |  1  2  3  4  5  6  7  8  9 10 11 12 13 14 15 16 17 18 19 20 21 |
---------------+----------------------------------------------------------------+-----
Conjurations   | 1 2 3 4 5 6 8 10 12 14 | 14.0
Fighting       | 2 3 4 5 7 8 9 12 14 15 | 15.0
Earth Magic    | 5 6 7 9 11 12 15 16 19 20 22 | 22.0
Spellcasting   | 3 4 6 7 8 9 10 12 13 14 15 16 | 16.4
Poison Magic   | 4 6 9 10 | 10.0
Air Magic      | 2 3 |  3.0
Shields        | 3 6 |  6.0
Short Blades   | 4 |  4.0
Stealth        | 6 |  6.0
Evocations     | 4 |  4.0
Transmutations | 4 5 |  5.9
Fire Magic     | 3 |  3.0
Dodging        | 7 8 |  8.0
Armour         | 4 9 10 | 10.0
Translocations | 4 |  4.0
Necromancy     | 4 |  4.0
Ice Magic      | 10 | 10.1

Action                   |  1- 3 |  4- 6 |  7- 9 | 10-12 | 13-15 | 16-18 | 19-21 || total
-------------------------+-------+-------+-------+-------+-------+-------+-------++-------
Melee: Dagger            |     2 |     6 |       |       |       |       |       ||     8
       Unarmed           |     2 |       |       |       |       |       |       ||     2
       Punch             |       |     2 |     1 |       |       |       |       ||     3
       Rapier            |       |       |   101 |   327 |    38 |     5 |       ||   471
       Flail             |       |       |       |       |       |     2 |    30 ||    32
 Fire: Sling             |       |       |       |       |    38 |    19 |       ||    57
Throw: Dart              |       |     1 |     4 |     2 |       |     1 |       ||     8
       Javelin           |       |       |       |       |       |     2 |       ||     2
 Cast: Sandblast         |    57 |    58 |    41 |       |       |       |       ||   156
       Stone Arrow       |       |     4 |    59 |    54 |    65 |     8 |       ||   190
       Mephitic Cloud    |       |       |    20 |    67 |     4 |       |       ||    91
       Poisonous Vapours |       |       |       |    16 |       |       |       ||    16
       Olgreb's Toxic Ra |       |       |       |    49 |   171 |   170 |    17 ||   407
       Ignite Poison     |       |       |       |    32 |   118 |   125 |    15 ||   290
       Irradiate         |       |       |       |     7 |    83 |    81 |    67 ||   238
       Lee's Rapid Decon |       |       |       |       |    36 |    39 |     1 ||    76
       Lehudib's Crystal |       |       |       |       |       |    65 |   119 ||   184
       Borgnjor's Vile C |       |       |       |       |       |    45 |    43 ||    88
       Passwall          |       |       |       |       |       |     3 |     4 ||     7
       Orb of Destructio |       |       |       |       |       |       |    24 ||    24
       Shatter           |       |       |       |       |       |       |    53 ||    53
       Blink             |       |       |       |       |       |       |     4 ||     4
       Ozocubu's Refrige |       |       |       |       |       |       |     3 ||     3
Evoke: Wand              |       |       |       |    13 |     3 |     4 |     7 ||    27
       Condenser vane    |       |       |       |       |       |     1 |     4 ||     5
       Phantom mirror    |       |       |       |       |       |       |     3 ||     3
  Use: Scroll            |       |     6 |     7 |    17 |     8 |    10 |     6 ||    54
       Potion            |       |       |       |     3 |       |       |     8 ||    11
 Stab: Confused          |       |       |     3 |    37 |       |       |       ||    40
       Sleeping          |       |       |       |     2 |     4 |       |       ||     6
Armor: Robe              |    19 |     6 |    47 |    74 |    25 |     6 |       ||   177
       Troll leather arm |       |       |       |    11 |    41 |    58 |   185 ||   295
Dodge: Dodged            |    23 |    17 |    98 |   178 |    85 |   103 |   151 ||   655
       Repelled          |       |       |       |     2 |     5 |     3 |       ||    10
Block: Buckler           |       |       |     1 |   112 |    83 |   105 |   148 ||   449
       Reflection        |       |       |       |       |     5 |    16 |     2 ||    23

Table legend: (Time is in decaauts)
 A = Elapsed time spent in this place.
 B = Non-inter-level travel time spent in this place.
 C = Inter-level travel time spent in this place.
 D = Time resting spent in this place.
 E = Time spent auto-exploring this place.
 F = Levels seen in this place.
 G = Mean time per level.
                   A        B        C        D        E       F      G
               +--------+--------+--------+--------+--------+-----+--------+
         Total |  51578 |  46551 |   5027 |   9212 |  28536 |  35 | 1473.7 |
       Dungeon |  23845 |  22044 |   1801 |   4559 |  13812 |  15 | 1589.7 |
        Temple |    109 |     92 |     17 |      0 |     73 |   1 |  109.0 |
          Lair |   7813 |   7321 |    492 |    565 |   5715 |   5 | 1562.6 |
  Orcish Mines |   2447 |   2178 |    269 |    390 |   1473 |   2 | 1223.5 |
   Elven Halls |   6071 |   5504 |    567 |   1316 |   3062 |   3 | 2023.7 |
        Depths |   9968 |   8391 |   1577 |   2318 |   3763 |   4 | 2492.0 |
          Hell |    727 |    620 |    107 |      0 |    462 |   1 |  727.0 |
           Dis |    439 |    245 |    194 |     63 |     91 |   2 |  219.5 |
        Bazaar |    155 |    155 |      0 |      0 |     85 |   2 |   77.5 |
               +--------+--------+--------+--------+--------+-----+--------+

Top non-repeatable levels by time:
Depths:2: 4520 daAuts
  Lair:5: 2893 daAuts
   Elf:2: 2703 daAuts
    D:15: 2606 daAuts
Depths:1: 2454 daAuts
   Elf:3: 2421 daAuts
    D:14: 2256 daAuts
     D:5: 2206 daAuts
     D:6: 2084 daAuts
     D:7: 1946 daAuts
    D:11: 1782 daAuts
   Orc:2: 1777 daAuts
     D:4: 1639 daAuts
Depths:3: 1605 daAuts
  Lair:2: 1537 daAuts
